 Dungeon Crawl Stone Soup version 0.29-a0-541-gaf1fc19f1b (webtiles) character file.

Game seed: 11921704212940067125

900 Morbidden the Magician (level 8, -5/55 HPs)
             Began as a Djinni Conjurer on June 2, 2022.
             Was an Initiate of Cheibriados.
             Slain by a human zombie (6 damage)
             ... in an ossuary.
             The game lasted 00:09:11 (7164 turns).

Morbidden the Magician (Djinni Conjurer)            Turns: 7164, Time: 00:09:11

Health: -5/55      AC:  4    Str:  9    XL:     8   Next: 28%
Gold:   360        EV: 12    Int: 20    God:    Cheibriados [......] SH:  0 Dex: 14

rFire   + + .      SeeInvis .     - Unarmed
rCold   x . .      Faith    .   (no shield)
rNeg    + . .      Spirit   .   h - +0 leather armour {Will+}
rPois   ∞          Reflect  .   (no helmet)
rElec   .          Harm     .   (no cloak)
rCorr   .          Rampage  .   u - +0 pair of gloves
Will    +....                   (boots unavailable)
Stlth   ++........              (no amulet)
HPRegen 0.00/turn               j - ring of positive energy
MPRegen 0.00/turn               (no ring)

@: flying, inhibited regen, very slow
A: sickness immunity, fire resistance 2, cold vulnerability 1, float, innate
caster, HP casting, extra vitality 1, inhibited regeneration
a: Renounce Religion


You were in an ossuary.
You worshipped Cheibriados.
Cheibriados was noncommittal.
You visited 2 branches of the dungeon, and saw 7 of its levels.
You also visited: Ossuary.

You collected 360 gold pieces.

Inventory:

Missiles
 g - 6 poisoned darts (quivered)
 n - 5 boomerangs
Armour
 a - a +0 robe
 d - the +2 buckler "Ryditi" {rPois rF++ Will- Dex+3}
   (You acquired it on level 6 of the Dungeon)

   Dex:       It affects your dexterity (+3).
   rF:        It greatly protects you from fire.
   rPois:     It protects you from poison.
   Will:      It decreases your willpower.
 h - a +0 leather armour of willpower (worn)
 u - a +0 pair of gloves (worn)
Jewellery
 j - a ring of positive energy (left hand)
Wands
 q - a wand of flame (18)
 s - a wand of mindburst (12)
 t - a wand of paralysis (1)
Scrolls
 b - 3 scrolls of teleportation
 c - a scroll of immolation
 i - 5 scrolls of identify
 o - 2 scrolls of noise
 r - a scroll of enchant weapon
Potions
 e - a potion of magic
 f - a potion of lignification
 m - 2 potions of curing


   Skills:
 * Level 2.9 Fighting
 + Level 0.3 Throwing
 + Level 0.1 Armour
 * Level 3.7 Dodging
 + Level 2.5 Stealth
 * Level 2.7 Unarmed Combat
 * Level 6.0 Spellcasting
 * Level 1.0 Invocations


You couldn't memorise any spells.
You knew the following spells:

 Your Spells              Type           Power      Damage    Failure   Level
a - Magic Dart            Conj           100%       1d8       1%          1
b - Searing Ray           Conj           60%        2d6       1%          2
c - Dazzling Flash        Conj/Hex       60%        N/A       3%          3
d - Fulminant Prism       Conj/Hex       15%        3d11      12%         4
e - Teleport Other        Tloc           30%        N/A       3%          3
g - Apportation           Tloc           60%        N/A       1%          1
x - Poisonous Vapours     Pois/Air       60%        N/A       1%          2
z - Iskenderun's Mystic   Conj/Tloc      30%        2d8       12%         4
Your spell library was empty.

Dungeon Overview and Level Annotations

Branches:
Dungeon (6/15)             Temple (1/1) D:5         Ossuary (1/1)

Altars:
Cheibriados
Dithmenos
Elyvilon
Fedhas
Gozag
Nemelex Xobeh
Okawaru
Sif Muna
Uskayaw
Vehumet
Wu Jian
Xom

Shops:
D:4 (**(:


Innate Abilities, Weirdness & Mutations

You are immune to sickness and miasma.
You are immune to poison.
Your flesh is very heat resistant. (rF++)
You are vulnerable to cold. (rC-)
You float through the air rather than walking.
You learn spells naturally, not from books.
Your magical power is your life essence.
You have superior vitality. (+4 MHP)
You do not regenerate when monsters are visible.


Message History

Okay, then.
Unknown command.
You feel better.
The human zombie hits you but does no damage.
Unknown command.
You feel better. The human zombie hits you.
* * * LOW HITPOINT WARNING * * *
Unknown command.
Unknown command.
Casting: Magic Dart (safe; 1% risk of failure)
Confirm with . or Enter, or press ? or * to list all spells.
Aiming: Magic Dart (safe; 1% risk of failure)
Press: ? - help, Shift-Dir - straight line, f - human zombie
Aim: a human zombie (100% to hit)
The magic dart hits the human zombie.
The human zombie is lightly damaged.
* * * LOW HITPOINT WARNING * * *
The human zombie hits you.
* * * LOW HITPOINT WARNING * * *
Casting: Magic Dart (safe; 1% risk of failure)
Confirm with . or Enter, or press ? or * to list all spells.
Aiming: Searing Ray (safe; 1% risk of failure)
Press: ? - help, Shift-Dir - straight line, f/p - human zombie
Aim: a human zombie (lightly damaged, 85% to hit)
The searing ray hits the human zombie!
The human zombie is moderately damaged. (Press . to maintain the ray.)
* * * LOW HITPOINT WARNING * * *
The human zombie hits you.
* * * LOW HITPOINT WARNING * * *
Unknown command.
The searing ray hits the human zombie!
The human zombie is heavily damaged.
* * * LOW HITPOINT WARNING * * *
Unknown command.
Without enough magic to sustain it, your searing ray dissipates.
The human zombie hits you but does no damage.
Unknown command.
The human zombie hits you.
You die...

##########+##
#...#...#.!!#
#...8...#!..#
#.....Z.#M.!#
##8..@8######
#.......#...#
#...8...'...#
#...#...#...#
##+#######'##
#...#...#
#...8...#
#.......#
##8...8##


You could see a human zombie.

Vanquished Creatures
  A black bear (D:4)
  An orc warrior (D:5)
  An ogre (D:4)
  A necrophage (D:4)
  A scorpion (Ossuary)
  A jelly (D:4)
  2 hounds
  An orc priest (D:5)
  A human zombie (Ossuary)
  2 iguanas
  Jessica (D:3)
  Terence (D:3)
  3 orc wizards
  A scorpion zombie (Ossuary)
  5 adders
  2 ufetubi
  4 worms
  5 dart slugs
  11 orcs
  4 ball pythons
  4 endoplasms
  4 giant cockroaches
  6 goblins
  A hobgoblin (D:4)
  5 jackals
  5 quokkas
  5 bats
  4 frilled lizards
  3 gnoll zombies (Ossuary)
  6 kobolds
  3 rats
95 creatures vanquished.

Notes
Turn   | Place    | Note
-------+----------+-------------------------------------------
     0 | D:1      | Morbidden the Djinni Conjurer began the quest for the Orb.
     0 | D:1      | Reached XP level 1. HP: 15/15 MP: 0/0
    18 | D:1      | Found a shimmering altar of Xom.
    47 | D:1      | You are sucked into a shaft and drop 1 floor!
   293 | D:2      | Reached XP level 2. HP: 12/22 MP: 0/0
   768 | D:1      | Reached XP level 3. HP: 22/26 MP: 0/0
   768 | D:1      | Learned a level 1 spell: Apportation
  2282 | D:2      | Found a blossoming altar of Fedhas.
  2423 | D:3      | Reached XP level 4. HP: 23/31 MP: 0/0
  2507 | D:3      | Reached skill level 1 in Fighting
  2526 | D:3      | Noticed Jessica
  2530 | D:3      | Killed Jessica
  2531 | D:3      | Reached skill level 4 in Spellcasting
  2945 | D:3      | Found a faded altar of an unknown god.
  2951 | D:3      | Noticed Terence
  2970 | D:3      | Reached XP level 5. HP: 30/37 MP: 0/0
  2970 | D:3      | Learned a level 2 spell: Poisonous Vapours
  2998 | D:3      | Killed Terence
  3426 | D:4      | Noticed an ogre
  3433 | D:4      | Killed an ogre
  3434 | D:4      | Reached skill level 1 in Unarmed Combat
  3434 | D:4      | Reached XP level 6. HP: 34/42 MP: 0/0
  3651 | D:4      | Reached skill level 5 in Spellcasting
  3717 | D:4      | Identified the +4 trident of Akkorghagh {vorpal, rPois}
  3951 | D:4      | Found Viof's General Store.
  3967 | D:4      | Paralysed by a goblin for 4 turns
  4125 | D:4      | Found Ykkirot's Assorted Antiques.
  4138 | D:4      | Reached XP level 7. HP: 33/49 MP: 0/0
  4138 | D:4      | Learned a level 3 spell: Teleport Other
  4299 | D:4      | Found Veqobye's Weapon Shop.
  4558 | D:4      | Found Adomicov's Book Boutique.
  4607 | D:4      | Found Onoacat's Weapon Emporium.
  4827 | D:5      | Entered Level 5 of the Dungeon
  5190 | D:5      | Found a white marble altar of Elyvilon.
  5192 | D:5      | Found an opulent altar of Gozag.
  5468 | D:5      | Found a staircase to the Ecumenical Temple.
  5483 | Temple   | Entered the Ecumenical Temple
  5537 | Temple   | Became a worshipper of Cheibriados the Contemplative
  6192 | D:5      | Gained mutation: You do not regenerate when monsters are
                  | visible. [potion of mutation]
  6207 | D:5      | Reached XP level 8. HP: 24/55 MP: 0/0
  6888 | D:6      | Identified a scroll of acquirement
  6888 | D:6      | Acquired the +2 buckler "Ryditi" {rPois rF++ Will- Dex+3}
  6918 | D:6      | Found a sand-covered staircase.
  6923 | Ossuary  | Entered an ossuary
  7155 | Ossuary  | Reached skill level 6 in Spellcasting
  7155 | Ossuary  | Reached skill level 1 in Invocations
  7161 | Ossuary  | HP: 2/55 [human zombie (4)]
  7164 | Ossuary  | Slain by a human zombie

Illustrated notes

Levels and vault maps discovered:
D:1:      dpeg_arrival_lava_altar, layout_basic, chequers_arboretum
D:2:      layout_loops_ring, basic_altar
D:3:      layout_rooms, hellmonk_ecumenical_altar_zigzags, uniq_jessica,
          uniq_terence
D:4:      layout_basic, serial_shops, nicolae_shop_bloodbath_and_beyond,
          nicolae_diamond_shop, shop_fountains, kennysheep_mini_moat,
          shop_fountains
D:5:      layout_loops_ring, grunt_temple_overflow_open,
          minmay_temple_entry_slanted
D:6:      layout_loops_ring, enter_ossuary_2, portal_sewer_entry_e, uniq_grinder
Temple:   minmay_crystal_spiral_temple
Ossuary:  ossuary_minmay_scorpions

Skill      XL: |  1  2  3  4  5  6  7  8 |
---------------+-------------------------+-----
Fighting       | 1 2 |  2.9
Spellcasting   | 4 5 6 |  6.0
Dodging        | 3 |  3.7
Unarmed Combat | 1 2 |  2.7
Stealth        | 2 |  2.5
Invocations    | 1 |  1.0
Throwing       | |  0.3
Armour         | |  0.1

Action                   |  1- 3 |  4- 6 |  7- 9 || total
-------------------------+-------+-------+-------++-------
Melee: Unarmed           |       |       |    12 ||    12
Throw: Dart              |       |     5 |     3 ||     8
 Cast: Magic Dart        |    82 |    67 |    61 ||   210
       Searing Ray       |     3 |    10 |    23 ||    36
       Poisonous Vapours |       |     2 |    16 ||    18
       Iskenderun's Myst |       |       |     1 ||     1
  Use: Potion            |       |       |     9 ||     9
       Scroll            |       |       |     7 ||     7
 Stab: Invisible         |       |       |     2 ||     2
       Sleeping          |       |       |     1 ||     1
Armor: Robe              |     1 |     8 |     6 ||    15
       Skin              |       |       |     8 ||     8
       Leather armour    |       |       |     4 ||     4
Dodge: Dodged            |     7 |    26 |    41 ||    74

Table legend: (Time is in decaauts)
 A = Elapsed time spent in this place.
 B = Non-inter-level travel time spent in this place.
 C = Inter-level travel time spent in this place.
 D = Time resting spent in this place.
 E = Time spent auto-exploring this place.
 F = Levels seen in this place.
 G = Mean time per level.
                   A        B        C        D        E       F      G
               +--------+--------+--------+--------+--------+-----+--------+
         Total |   7378 |   7012 |    366 |    985 |   5240 |   8 |  922.2 |
       Dungeon |   6899 |   6639 |    260 |    808 |   5130 |   6 | 1149.8 |
        Temple |    233 |    128 |    105 |      0 |    109 |   1 |  233.0 |
       Ossuary |    245 |    245 |      0 |    177 |      0 |   1 |  245.0 |
               +--------+--------+--------+--------+--------+-----+--------+

Top non-repeatable levels by time:
     D:5: 1763 daAuts
     D:4: 1704 daAuts
     D:2: 1252 daAuts
     D:1: 1148 daAuts
     D:3: 985 daAuts
 Ossuary: 245 daAuts
  Temple: 233 daAuts
     D:6: 45 daAuts
